 Dungeon Crawl Stone Soup version 0.31.0-4-g52a2dc7128 (webtiles) character file.

Game seed: 14653877417485176026

23 Jase the Chopper (level 2, -5/26 HPs)
             Began as a Hill Orc Monk on Jan 23, 2024.
             Slain by a gnoll
             ... wielding a +0 flail
              (9 damage)
             ... on level 2 of the Dungeon.
             The game lasted 00:01:02 (710 turns).

Jase the Chopper (Hill Orc Monk)                     Turns: 710, Time: 00:01:04

Health: -5/26      AC:  5    Str: 13    XL:     2   Next: 95%
Magic:  2/2        EV: 11    Int: 10    God:
Gold:   30         SH:  0    Dex: 13    Spells: 1/1 levels left

rFire   . . .        a - +0 hand axe
rCold   . . .        d - orb {light}
rNeg    . . .        i - +0 ring mail
rPois   .            (no helmet)
rElec   .            (no cloak)
rCorr   .            (no gloves)
SInv    .            (no boots)
Will    .....        (no amulet)
Stlth   +            (no ring)
HPRegen 0.24/turn    (no ring)
MPRegen 0.08/turn

%: no passive effects
@: glowing
A: no striking features
a: no special abilities


You were on level 2 of the Dungeon.
You visited 1 branch of the dungeon, and saw 2 of its levels.

You collected 30 gold pieces.

Inventory:

Hand Weapons
 a - a +0 hand axe (weapon)
Missiles
 g - 2 poisoned darts (quivered)
Armour
 d - an orb of light (worn)
 i - a +0 ring mail (worn)
Scrolls
 e - a scroll of identify {unknown}
 h - a scroll of brand weapon {unknown}
Potions
 b - a potion of heal wounds {unknown}
 c - a potion of ambrosia
 f - a potion of curing {unknown}


   Skills:
 - Level 3.6 Fighting
 + Level 5.4 Axes
 - Level 2.4 Dodging


You had one spell level left.
You didn't know any spells.
Your spell library was empty.

Dungeon Overview and Level Annotations

Branches:
Dungeon (2/15)

Altars:


Message History

You slash the hobgoblin!
You kill the hobgoblin!
The goblin shoots a sling bullet.
The sling bullet misses you.
The goblin shoots a sling bullet.
The sling bullet hits you.
The goblin unwields a +0 sling.
The goblin wields a +0 club.
The goblin completely misses you.
You slash the goblin!
You kill the goblin!
No target in view!
No target in view!
A gnoll comes into view. It is wielding a +0 flail.
The gnoll shouts!
A gnoll comes into view.
It is wielding a +1 flail of protection.
A ribbon worm comes into view.
The gnoll shouts!
You hear a shout!
The gnoll misses you.
You hit the gnoll but do no damage. The gnoll barely misses you.
You hit the gnoll but do no damage. The gnoll hits you with a +0 flail.
A gnoll comes into view. It is wielding a +0 halberd.
You hit the gnoll but do no damage. x2; The gnoll completely misses you.
The gnoll barely misses you.
You hit the gnoll.
The gnoll is moderately wounded.
You hit the gnoll but do no damage. The gnoll closely misses you.
The gnoll misses you.
You hit the gnoll but do no damage.
The gnoll is moderately wounded.
You barely miss the gnoll. The gnoll hits you with a +0 flail!
The gnoll hits you from afar with a +0 halberd.
The gnoll hits you with a +1 flail of protection.
* * * LOW HITPOINT WARNING * * *
You are too injured to fight recklessly!
You are too injured to fight recklessly!
You hit the gnoll but do no damage.
The gnoll is moderately wounded.
You hit the gnoll but do no damage.
The gnoll hits you with a +1 flail of protection.
* * * LOW HITPOINT WARNING * * *
The gnoll hits you with a +0 flail!
You die...

# #. #######
#.####.....#
####.g..#.....#
#.....g.......##
#....wg@.....(.#
...............#
..........)....#
...............#
.######........#
####.).<.#
#....##
#.#......
#....####


You could see a ribbon worm and 3 gnolls.

Vanquished Creatures
  2 ball pythons (D:1)
  3 endoplasms (D:1)
  2 goblins
  4 hobgoblins
  3 kobolds
  4 frilled lizards
  3 rats (D:1)
21 creatures vanquished.

Notes
Turn   | Place    | Note
-------+----------+-------------------------------------------
     0 | D:1      | Jase the Hill Orc Monk began the quest for the Orb.
     0 | D:1      | Reached XP level 1. HP: 19/19 MP: 1/1
   267 | D:1      | Reached XP level 2. HP: 26/26 MP: 2/2
   385 | D:1      | Reached skill level 5 in Axes
   710 | D:2      | Slain by a gnoll

Illustrated notes

Levels and vault maps discovered:
D:1:      minmay_arrival_four_houses, layout_basic
D:2:      layout_basic, dreamdust_ecumenical_altar_sealed_demon, serial_shops,
          nicolae_shop_peninsula

Skill      XL: |  1  2 |
---------------+-------+-----
Axes           | 5 |  5.4
Fighting       | |  3.6
Dodging        | |  2.4

Action                     || total
---------------------------++-------
  Melee: Hand axe          ||    48
 Armour: Robe              ||     9
         Ring mail         ||    15
  Dodge: Dodged            ||    31
